 Dungeon Crawl Stone Soup version 0.29.0-4-gdea44cf6ec (webtiles) character file.

Game seed: 10028382883360439367

30 qw the Chopper (level 3, -1/21 HPs)
             Began as a Tengu Warper on Aug 28, 2022.
             Succumbed to their own poison gas
             ... on level 1 of the Dungeon.
             The game lasted 00:00:07 (1188 turns).

qw the Chopper (Tengu Warper)                       Turns: 1188, Time: 00:00:08

Health: -1/21      AC:  5    Str: 13    XL:     3   Next: 18%
Magic:  7/7        EV: 11    Int: 13    God:
Gold:   38         SH:  0    Dex: 13    Spells: 6/6 levels left

rFire   . . .      SeeInvis .   Y - +0 hand axe
rCold   . . .      Faith    .   (no shield)
rNeg    . . .      Spirit   .   e - +0 ring mail
rPois   .          Reflect  .   (helmet restricted)
rElec   .          Harm     .   (no cloak)
rCorr   .          Rampage  .   (no gloves)
Will    .....                   (boots unavailable)
Stlth   +.........              (no amulet)
HPRegen 0.07/turn               (no ring)
MPRegen 0.10/turn               (no ring)

@: lethally poisoned (-1 -> -11)
A: beak, talons 3
a: no special abilities


You were on level 1 of the Dungeon.
You visited 1 branch of the dungeon, and saw 1 of its levels.

You collected 38 gold pieces.


Innate Abilities, Weirdness & Mutations

You have a beak for a mouth.
You have claws for feet.


   Skills:
 - Level 2.0 Fighting
 + Level 3.9 Axes
 - Level 1.0 Throwing
 - Level 1.1 Armour
 - Level 2.1 Dodging
 - Level 2.0 Spellcasting
 - Level 2.4 Translocations


You had 6 spell levels left.
You didn't know any spells.
Your spell library contained the following spells:

 Spells                   Type           Power      Damage    Failure   Level
 Blink                    Tloc           14%        N/A       30%         2
 Gell's Gravitas          Tloc           7%         N/A       52%         3
 Lesser Beckoning         Tloc           7%         N/A       52%         3
 Teleport Other           Tloc           7%         N/A       52%         3
 Manifold Assault         Tloc           7%         N/A       99%         5

Inventory:

Hand Weapons
 g - a +0 whip
 Y - a +0 hand axe (weapon)
Missiles
 h - 5 boomerangs (quivered)
Armour
 e - a +0 ring mail (worn)
Potions
 d - a potion of invisibility {unknown}
 f - a potion of curing {unknown}
 j - a potion of berserk rage {unknown}

Dungeon Overview and Level Annotations

Branches:
Dungeon (1/15)

Altars:


Message History

You finish putting on your +0 ring mail.
1179 ||| DROPPING +0 leather armour.
You drop a +0 leather armour.
Partly explored, can't reach some places.
1180 ||| READING scroll labelled SITHROYBAKE.
As you read the scroll labelled SITHROYBAKE, it crumbles to dust.
It is a scroll of identify.
Really abort (and waste the scroll)?
Partly explored, can't reach some places.
1181 ||| READING scroll labelled SIAD BOIMOU.
The air fills with toxic fumes!
As you read the scroll labelled SIAD BOIMOU, it crumbles to dust.
It was a scroll of poison.
Partly explored, can't reach some places.
1182 ||| READING scroll labelled KEAVUIWKU.
As you read the scroll labelled KEAVUIWKU, it crumbles to dust.
You hear a loud clanging noise!
It was a scroll of noise.
Partly explored, can't reach some places.
1183 ||| DROPPING scroll of blinking.
You drop a scroll of blinking.
Partly explored, can't reach some places.
(D) Dungeon
Where to? (* - list waypoints, ? - help)
What level of the Dungeon? (default 1, ? - help) Sorry, I don't know how to get there.
Partly explored, can't reach some places.
1184 ||| Stepping randomly (stuck).
Really walk into that cloud of poison gas?
You are engulfed in poison gas.
You are lethally poisoned!
You feel very sick.
1185 ||| Stepping ~*~*~tactically~*~*~ (cloud).
You feel very sick.
Things that are here:
a scroll of blinking; a +0 leather armour
There is a lethal amount of poison in your body!
You feel very sick.
There is a lethal amount of poison in your body!
You feel sick.
There is a lethal amount of poison in your body!
You die...

#....########.##.#
...#...######..#¤#
....##......(..#¤#
.##.##########.#¤#
###..# ###¤# #
##.## #¤# #
#..#### #¤# #
##....# #0# #
###..# #@#
######..## #P##
........# #¤
####..### ¤# ##.##
¤# ###..# .P
..#.###### .¤
.........##P#
.........#


There were no monsters in sight!

Vanquished Creatures
  2 ball pythons (D:1)
  5 endoplasms (D:1)
  2 giant cockroaches (D:1)
  3 hobgoblins (D:1)
  3 kobolds (D:1)
  A bat (D:1)
  A frilled lizard (D:1)
  5 goblins (D:1)
  5 rats (D:1)
27 creatures vanquished.

Vanquished Creatures (others)
  A fungus (D:1)
1 creature vanquished.

Grand Total: 28 creatures vanquished

Notes
Turn   | Place    | Note
-------+----------+-------------------------------------------
     0 | D:1      | qw the Tengu Warper began the quest for the Orb.
     0 | D:1      | Reached XP level 1. HP: 12/12 MP: 4/4
     0 | D:1      | 0 ||| qw: Version: 0.1-a-89-g26bdef1
     0 | D:1      | 0 ||| qw: Game counter: 2863
     0 | D:1      | 0 ||| qw: Always use a shield: true
     0 | D:1      | 0 ||| qw: God list: Okawaru
     0 | D:1      | 0 ||| qw: Allow faded altars: false
     0 | D:1      | 0 ||| qw: Do Orc after D:15 true
     0 | D:1      | 0 ||| qw: Do second Lair branch before Depths: true
     0 | D:1      | 0 ||| qw: Lair rune preference: random
     0 | D:1      | 0 ||| qw: Plans: Normal
     0 | D:1      | 0 ||| PLANNING D:1-11
    95 | D:1      | 95 ||| Stepping ~*~*~tactically~*~*~ (stealth).
   100 | D:1      | Reached XP level 2. HP: 10/17 MP: 6/6
   158 | D:1      | 158 ||| Stepping ~*~*~tactically~*~*~ (stealth).
   178 | D:1      | Reached skill level 3 in Axes
   203 | D:1      | 203 ||| Stepping ~*~*~tactically~*~*~ (stealth).
   204 | D:1      | 204 ||| Stepping ~*~*~tactically~*~*~ (stealth).
   240 | D:1      | 240 ||| Stepping ~*~*~tactically~*~*~ (stealth).
   300 | D:1      | 300 ||| Stepping ~*~*~tactically~*~*~ (stealth).
   303 | D:1      | 303 ||| Stepping ~*~*~tactically~*~*~ (stealth).
   305 | D:1      | 305 ||| Stepping ~*~*~tactically~*~*~ (stealth).
   388 | D:1      | 388 ||| DROPPING +0 club.
   812 | D:1      | Reached XP level 3. HP: 21/21 MP: 7/7
   813 | D:1      | 813 ||| Stepping ~*~*~tactically~*~*~ (stealth).
   817 | D:1      | 817 ||| Stepping ~*~*~tactically~*~*~ (stealth).
   819 | D:1      | 819 ||| Stepping ~*~*~tactically~*~*~ (stealth).
   821 | D:1      | 821 ||| Stepping ~*~*~tactically~*~*~ (stealth).
   823 | D:1      | 823 ||| Stepping ~*~*~tactically~*~*~ (stealth).
  1169 | D:1      | 1169 ||| UPGRADING to +0 ring mail.
  1179 | D:1      | 1179 ||| DROPPING +0 leather armour.
  1180 | D:1      | 1180 ||| READING scroll labelled SITHROYBAKE.
  1181 | D:1      | 1181 ||| READING scroll labelled SIAD BOIMOU.
  1182 | D:1      | 1182 ||| READING scroll labelled KEAVUIWKU.
  1183 | D:1      | 1183 ||| DROPPING scroll of blinking.
  1184 | D:1      | 1184 ||| Stepping randomly (stuck).
  1185 | D:1      | 1185 ||| Stepping ~*~*~tactically~*~*~ (cloud).
  1186 | D:1      | HP: 4/21 [poisoned by you (poison gas)]
  1188 | D:1      | Succumbed to their own poison gas

Levels and vault maps discovered:
D:1:      elethiomel_arrival_diamonds, layout_rooms,
          dreamdust_ecumenical_altar_hidden_monk_grotto, chequers_mini_garden,
          supply_closet_lemuel

Skill      XL: |  1  2 |
---------------+-------+-----
Axes           | 3 |  3.9
Fighting       | |  2.0
Throwing       | |  1.0
Armour         | |  1.1
Dodging        | |  2.1
Spellcasting   | |  2.0
Translocations | |  2.4

Action                   || total
-------------------------++-------
Melee: Hand axe          ||    40
       Kick              ||     8
       Peck              ||     4
       Punch             ||     1
Throw: Boomerang         ||    20
  Use: Scroll            ||     3
 Stab: Distracted        ||     1
Armor: Leather armour    ||     5
Dodge: Dodged            ||    14

Table legend:
 A = Non-vault XP
 B = Vault XP
 C = Vault XP percentage of total XP
 D = Non-vault monster count
 E = Vault monster count
 F = Vault count percentage of total count
                 A         B        C        D         E       F
            +---------+---------+-------+---------+---------+-------
      Total |      35 |       8 |  18.6 |      20 |       7 |  25.9
            +---------+---------+-------+---------+---------+-------
        D:1 |      35 |       8 |  18.6 |      20 |       7 |  25.9
            +---------+---------+-------+---------+---------+-------
